 Dungeon Crawl Stone Soup version 0.32-a0-411-g744942f433 (webtiles) character file.

Game seed: 16546927894293670547

378 cforsyth the Slasher (level 6, -26/49 HPs)
             Began as a Coglin Gladiator on Feb 21, 2024.
             Annihilated by a two-headed ogre
             ... wielding a +0 giant club
              (31 damage)
             ... on level 4 of the Dungeon.
             The game lasted 00:03:14 (2575 turns).

cforsyth the Slasher (Coglin Gladiator)             Turns: 2575, Time: 00:03:15

Health: -26/49     AC:  8    Str: 14    XL:     6   Next: 74%
Magic:  6/6        EV: 10    Int:  7    God:
Gold:   159        SH:  0    Dex: 18    Spells: 5/5 levels left

rFire   . . .        a - +0 long sword {Ming}
rCold   . . .        k - +4 hand axe of Ceicir {flame, ^Fragile rElec Will+}
rNeg    . . .        j - +0 scale mail {rPois}
rPois   +            c - +0 helmet
rElec   +            (no cloak)
rCorr   .            (no gloves)
SInv    .            (no boots)
Will    +....        (no amulet) Stlth
                     (no ring)
HPRegen 0.28/turn    (no ring)
MPRegen 0.10/turn

%: no passive effects
@: immotile, revved
A: off-hand wielding, slow wielding, warmup strikes, legs shutdown
a: no special abilities


You were on level 4 of the Dungeon.
You visited 1 branch of the dungeon, and saw 4 of its levels.

You collected 159 gold pieces.


Innate Abilities, Weirdness & Mutations

You can wield a second weapon in your off-hand.
It takes a long time for you to wield or remove held weapons.
Your first few attacks do less damage.
Attacking and casting redirects power from your legs.


   Skills:
 + Level 4.3 Fighting
 + Level 4.8 Long Blades
 - Level 1.7 Throwing
 + Level 3.2 Armour
 - Level 2.6 Dodging


You had 5 spell levels left.
You didn't know any spells.
Your spell library contained the following spells:

 Spells                   Type           Power      Damage    Failure   Level
 Magic Dart               Conj           0%         1d3       88%         1
 Mercury Vapours          Alch/Air       0%         N/A       96%         2
 Scorch                   Fire           0%         2d5       96%         2
 Searing Ray              Conj           0%         2d4       96%         2
 Mephitic Cloud           Conj/Alch/Air  0%         N/A       99%         3
 Tukima's Dance           Hex            0%         N/A       99%         3
 Flame Wave               Conj/Fire      0%         2d4       100%        4
 Fulminant Prism          Conj/Alch      0%         3d5       100%        4
 Passage of Golubria      Tloc           0%         N/A       100%        4
 Freezing Cloud           Conj/Ice/Air   0%         6-21      100%        5
 Yara's Violent Unravell  Hex/Alch       0%         3d3       100%        5
 Summon Cactus Giant      Summ           0%         N/A       100%        6
 Chain Lightning          Conj/Air       0%         N/A       100%        9
 Fire Storm               Conj/Fire      0%         5d1       100%        9
 Shatter                  Erth           0%         3d5*      100%        9

Inventory:

Hand Weapons
 a - a +0 long sword (weapon) {Ming}
 k - the +4 hand axe of Ceicir (offhand) {flame, ^Fragile rElec Will+}
   (You found it on level 3 of the Dungeon)

   rElec:     It insulates you from electricity.
   Will+:     It increases your willpower.
   ^Fragile:  It will be destroyed if unequipped.
Missiles
 d - 5 throwing nets (quivered) {=f}
 e - 5 javelins
Armour
 b - a +0 leather armour
 c - a +0 helmet (worn)
 j - a +0 scale mail of poison resistance (worn)
 p - a +0 pair of boots
Jewellery
 E - a +5 ring of evasion
Scrolls
 g - a scroll of noise {unknown}
 h - 2 scrolls of immolation {unknown}
 i - 6 scrolls of identify {unknown}
 n - a scroll of vulnerability {unknown}
 o - a scroll of teleportation {unknown}
 q - a scroll of torment {unknown}
Potions
 f - a potion of attraction {unknown}
 l - a potion of degeneration {unknown}
 m - a potion of invisibility {unknown}

Dungeon Overview and Level Annotations

Branches:
Dungeon (4/15)
 Temple: D:4-7

Altars:
Elyvilon
Makhleb
Beogh

Annotations:
D:4 1 transporter

#... ########.######
#..............
#.####.....####.#
#.#$.##...##.)#.# ...
#.#...##.##...#.# ...#
#.##..B#.#...##.# .≈§≈
#..##JO#.#†.##..#..≈#
#####...###@..###...#.§§+
#...........ß..........≈###
#.###...###...###...##.≈§≈§
#.# #..## +#.#).##.†...#
###.# #.## #.#..†##....#
#...# #.# ##.##...#....###
## #...# #.#
##...##..#...##.# ..###..#
#.####.....####......##
.~~#..#
#...................⚑∩#


You could see a two-headed ogre, a jelly and a giant cockroach.


Message History

You burn the quokka.
You kill the quokka!
You hit the giant cockroach with your +0 long sword.
The giant cockroach is heavily wounded.
You closely miss the giant cockroach with the +4 hand axe of Ceicir.
The giant cockroach bites you but does no damage.
You hit the two-headed ogre with the +4 hand axe of Ceicir.
You burn the two-headed ogre.
The two-headed ogre is lightly wounded.
You slash the two-headed ogre with your +0 long sword!
You hit the two-headed ogre with your +0 long sword.
The two-headed ogre is moderately wounded.
You slash the two-headed ogre with the +4 hand axe of Ceicir!
You burn the two-headed ogre.
The two-headed ogre hits you with a +0 giant club!!
The two-headed ogre hits you with a +0 giant club.
You hit the two-headed ogre with the +4 hand axe of Ceicir.
You burn the two-headed ogre.
The two-headed ogre is severely wounded.
You hit the two-headed ogre with your +0 long sword.
The two-headed ogre closely misses you.
The two-headed ogre hits you with a +0 giant club!!
* * * LOW HITPOINT WARNING * * *
You hit the two-headed ogre with the +4 hand axe of Ceicir.
You burn the two-headed ogre.
The two-headed ogre is almost dead.
You hit the two-headed ogre with your +0 long sword.
The two-headed ogre hits you with a +0 giant club!!
Ouch! That really hurt!
You die...

Skill      XL: |  1  2  3  4  5  6 |
---------------+-------------------+-----
Armour         | 1 2 3 |  3.2
Fighting       | 3 4 |  4.3
Long Blades    | 4 |  4.8
Throwing       | |  1.7
Dodging        | |  2.6

Action                     |  1- 3 |  4- 6 || total
---------------------------+-------+-------++-------
  Melee: Long sword        |    52 |   139 ||   191
         Hand axe          |       |    42 ||    42
   Stab: Sleeping          |     2 |       ||     2
 Armour: Leather armour    |    31 |     8 ||    39
         Scale mail        |       |   143 ||   143
  Dodge: Dodged            |    32 |   127 ||   159

Levels and vault maps discovered:
D:1:      dpeg_arrival_rooms_c, layout_basic, minmay_misc_feat_four_crosses
D:2:      layout_rooms, grunt_ministairs_3, corexii_hall_statues_l
D:3:      layout_basic, hellmonk_ecumenical_altar_defaced_shrine, uniq_natasha
D:4:      cheibrodos_barr_body, layout_basic, makhleb_heckhound_becter,
          kennysheep_mini_moat, mainiacjoe_overflow_boulevard, elyvilon_altar_4,
          dreamdust_princess_corridor, nicolae_shop_vocational

Notes
Turn   | Place    | Note
-------+----------+-------------------------------------------
     0 | D:1      | cforsyth the Coglin Gladiator began the quest for the Orb.
     0 | D:1      | Reached XP level 1. HP: 16/16 MP: 1/1
   172 | D:1      | Reached XP level 2. HP: 18/22 MP: 2/2
   281 | D:1      | Reached skill level 1 in Armour
   373 | D:1      | Reached XP level 3. HP: 28/28 MP: 3/3
   681 | D:2      | Reached XP level 4. HP: 24/34 MP: 4/4
   793 | D:2      | Reached skill level 3 in Fighting
   950 | D:2      | Reached skill level 2 in Armour
  1115 | D:2      | Reached XP level 5. HP: 34/41 MP: 5/5
  1119 | D:2      | Reached skill level 4 in Long Blades
  1468 | D:3      | Identified the +4 hand axe of Ceicir {flame, ^Fragile rElec
                  | Will+}
  1930 | D:3      | Noticed Natasha
  1937 | D:3      | Killed Natasha
  2019 | D:3      | Found a roughly hewn altar of Beogh.
  2048 | D:3      | Found a faded altar of an unknown god.
  2410 | D:4      | Found a transporter.
  2413 | D:4      | Found a white marble altar of Elyvilon.
  2455 | D:4      | Found a burning altar of Makhleb.
  2461 | D:4      | Reached XP level 6. HP: 48/48 MP: 6/6
  2540 | D:4      | Reached skill level 4 in Fighting
  2540 | D:4      | Reached skill level 3 in Armour
  2569 | D:4      | Noticed a two-headed ogre
  2575 | D:4      | Annihilated by a two-headed ogre

Vanquished Creatures
  A phantom (D:4)
  A scorpion (D:4)
  A hound (D:4)
  Natasha (D:3)
  7 adders (D:2)
  4 dart slugs
  A ribbon worm (D:2)
  3 orcs (D:3)
  6 endoplasms
  6 giant cockroaches
  10 goblins
  5 hobgoblins
  3 quokkas
  6 ball pythons
  9 bats
  A kobold (D:2)
  7 rats
72 creatures vanquished.

Table legend: (Time is in decaauts)
 A = Elapsed time spent in this place.
 B = Non-inter-level travel time spent in this place.
 C = Inter-level travel time spent in this place.
 D = Time resting spent in this place.
 E = Time spent auto-exploring this place.
 F = Levels seen in this place.
 G = Mean time per level.
                   A        B        C        D        E       F      G
               +--------+--------+--------+--------+--------+-----+--------+
         Total |   2617 |   2530 |     87 |      0 |   2051 |   4 |  654.2 |
       Dungeon |   2617 |   2530 |     87 |      0 |   2051 |   4 |  654.2 |
               +--------+--------+--------+--------+--------+-----+--------+

Top non-repeatable levels by time:
     D:3: 1003 daAuts
     D:2: 793 daAuts
     D:1: 627 daAuts
     D:4: 192 daAuts

Table legend:
 A = Non-vault XP
 B = Vault XP
 C = Vault XP percentage of total XP
 D = Non-vault monster count
 E = Vault monster count
 F = Vault count percentage of total count
                 A         B        C        D         E       F
            +---------+---------+-------+---------+---------+-------
      Total |     227 |     314 |  58.0 |      58 |      14 |  19.4
            +---------+---------+-------+---------+---------+-------
        D:1 |      52 |       0 |   0.0 |      18 |       0 |   0.0
        D:2 |     135 |      19 |  12.3 |      25 |       2 |   7.4
        D:3 |      37 |      44 |  54.3 |      14 |       3 |  17.6
        D:4 |       3 |     251 |  98.8 |       1 |       9 |  90.0
            +---------+---------+-------+---------+---------+-------
